 Dungeon Crawl Stone Soup version 0.31-a0-1376-g36f0627 (webtiles) character file.

Game seed: 2058467968151135490

313 PublicAnimeNo1 the Ruffian (level 6, -1/61 HPs)
             Began as an Octopode Shapeshifter on Dec 24, 2023.
             Slain by Duvessa
             ... wielding a +0 rapier
              (11 damage)
             ... on level 4 of the Dungeon.
             The game lasted 00:09:41 (2688 turns).

PublicAnimeNo1 the Ruffian (Octopode Shapeshifter)  Turns: 2688, Time: 00:09:42

Health: -1/61      AC:  2    Str: 16    XL:     6   Next: 43%
Magic:  6/6        EV: 14    Int: 12    God:
Gold:   827        SH:  5    Dex: 17    Spells: 5/5 levels left

rFire   . .          .
                       - Unarmed
rCold   . . .        (no shield)
rNeg    . . .        a - melded +2 hat {Will+}
rPois   .            f - amulet of reflection
rElec   .            n - +6 ring of dexterity
rCorr   .            (no ring)
SInv    .            (no ring)
Will    .....        (no ring) Stlth
                     (no ring)
HPRegen 0.30/turn    (no ring)
MPRegen 0.10/turn    (no ring)
                     (no ring)

%: reflection
@: berserking, beast-form, very quick
A: beast (slay +2), almost no armour, amphibious, 8 rings, camouflage 1,
gelatinous body 1, (nimble swimmer 1), tentacles, shaggy fur 1
a: Begin Untransformation


You were on level 4 of the Dungeon.
You were a hulking beast.
You visited 1 branch of the dungeon, and saw 4 of its levels.
You also visited: Sewer.

You collected 1100 gold pieces.
You spent 273 gold pieces at shops.

Inventory:

Armour
 a - a +2 hat of willpower (melded)
 r - an orb of mayhem
Jewellery
 f - an amulet of reflection (around mantle)
 n - a +6 ring of dexterity (left tentacle)
Talismans
 b - a beast talisman (active)
 c - a flux talisman
Scrolls
 g - a scroll of identify
 j - 2 scrolls of immolation
 k - 2 scrolls of revelation
 o - 3 scrolls of teleportation
 p - 2 scrolls of fog
Potions
 e - 2 potions of curing
 h - 2 potions of magic
 i - 2 potions of attraction
 l - 4 potions of haste
 m - 2 potions of enlightenment


   Skills:
 + Level 2.5 Fighting
 + Level 3.1 Dodging
 + Level 3.3 Stealth
 * Level 4.7 Unarmed Combat
 + Level 3.7 Shapeshifting


You had 5 spell levels left.
You didn't know any spells.
Your spell library was empty.

Dungeon Overview and Level Annotations

Branches:
Dungeon (4/15)              Sewer (visited)
 Temple: D:4-7

Altars:

Shops:
D:3 [

Annotations:
D:4 Duvessa


Innate Abilities, Weirdness & Mutations

You are a hulking beast.
Your limbs bulge with bestial killing power. (Slay +2)
You cannot wear most types of armour.
You are amphibious.
You can wear up to eight rings at the same time.
Your skin changes colour to match your surroundings (Stealth+).
Your rubbery body absorbs attacks. (AC +1, EV +1)
((You are camouflaged when in or above water. (Stealth+)))
You have tentacles for arms and can constrict up to eight enemies at once.
You are covered in fur. (AC +1)


Message History

You tentacle-slap Duvessa. You squeeze Duvessa, but do no damage.
Duvessa is moderately wounded.
You constrict Duvessa. Duvessa misses you. Dowan closely misses you.
Duvessa closely misses you.
You tentacle-slap Duvessa but do no damage.
You squeeze Duvessa!
Duvessa is severely wounded.
You constrict Duvessa, but do no damage.
Dowan hits you with a +0 dagger!
Duvessa says, "My weaknesses are his strengths!"
You block Duvessa's attack.
You tentacle-slap Duvessa but do no damage.
Duvessa is severely wounded.
You constrict Duvessa. Duvessa closely misses you.
Dowan gestures at you while chanting. The puff of frost hits you.
Duvessa hits you with a +0 rapier!
* * * LOW HITPOINT WARNING * * *
It was a potion of mutation.
You feel extremely strange. Fur sprouts all over your body.
You constrict Duvessa. Dowan barely misses you. You block Duvessa's attack.
You closely miss Dowan. Your grab misses Dowan.
Dowan is almost dead.
You constrict Duvessa, but do no damage.
You block Duvessa's attack. Dowan hits you with a +0 dagger.
* * * LOW HITPOINT WARNING * * *
You tentacle-slap Duvessa but do no damage.
Duvessa is severely wounded.
You constrict Duvessa. Duvessa hits you with a +0 rapier.
* * * LOW HITPOINT WARNING * * *
Dowan closely misses you. Duvessa hits you with a +0 rapier.
* * * LOW HITPOINT WARNING * * *
It was a potion of berserk rage.
A red film seems to cover your vision as you go berserk!
You feel yourself moving faster!
You feel mighty!
You constrict Duvessa. Duvessa closely misses you. Dowan misses you.
You bludgeon Dowan!
You kill Dowan!
Duvessa screams in rage.
Duvessa goes berserk!
You constrict Duvessa. Duvessa hits you with a +0 rapier!
You die...

..........#........##...# #
#..# ...##.^.##...#
##+##.###..# #+# #...##...#
....$.....# #...##...#
.........# #...##...#
##..###..########..##...#
#.##..###..##...###..##...#
......†...)e..............#
...........h..............#
......###.###.##'###'##.###
.##### #.# ####.###.#######
... #............. ....+
#............. ##..##
##............ ####
#........##.. #..##....# .
#####....#


You could see Duvessa (berserk, fast).

Vanquished Creatures
  2 bullfrogs (Sewer)
  Dowan (D:4)
  A bombardier beetle (D:3)
  7 adders
  A worm (D:3)
  4 dart slugs
  19 ball pythons
  5 endoplasms
  5 giant cockroaches
  6 goblins
  2 hobgoblins
  4 quokkas
  4 bats
  4 frilled lizards
  5 kobolds
  30 rats
100 creatures vanquished.

Notes
Turn   | Place    | Note
-------+----------+-------------------------------------------
     0 | D:1      | PublicAnimeNo1 the Octopode Shapeshifter began the quest
                  | for the Orb.
     0 | D:1      | Reached XP level 1. HP: 13/13 MP: 1/1
   108 | D:1      | Reached XP level 2. HP: 13/18 MP: 2/2
   266 | D:1      | Found a faded altar of an unknown god.
   390 | D:1      | Reached skill level 1 in Stealth
   522 | D:2      | Reached XP level 3. HP: 18/23 MP: 3/3
  1400 | D:3      | Found Ocar Zuy's Armour Emporium.
  1451 | D:3      | Reached XP level 4. HP: 27/28 MP: 4/4
  1451 | D:3      | Found a glowing drain.
  1455 | Sewer    | Entered a sewer
  1676 | Sewer    | Reached skill level 4 in Unarmed Combat
  1720 | Sewer    | Reached XP level 5. HP: 34/34 MP: 5/5
  1769 | Sewer    | Reached XP level 6. HP: 35/40 MP: 6/6
  1955 | D:3      | Identified a scroll of acquirement
  1955 | D:3      | Acquired 940 gold pieces
  2029 | D:3      | Bought a +2 hat of willpower for 273 gold pieces
  2659 | D:4      | Noticed Dowan
  2661 | D:4      | Noticed Duvessa
  2684 | D:4      | Gained mutation: You are covered in fur. (AC +1) [potion of
                  | mutation]
  2688 | D:4      | Killed Dowan
  2688 | D:4      | Slain by Duvessa

Illustrated notes

Levels and vault maps discovered:
D:1:      dpeg_arrival_round_b, layout_rooms,
          hellmonk_ecumenical_altar_leap_of_faith
D:2:      layout_basic, nicolae_titane
D:3:      layout_loops_ring, mainiacjoe_sewer_entry_somewhere_in_here_2,
          serial_shops, shop
D:4:      layout_gridville, hex_large, uniq_duvessa

Skill      XL: |  1  2  3  4  5 |
---------------+----------------+-----
Stealth        | 1 2 3 |  3.3
Unarmed Combat | 4 |  4.7
Fighting       | 2 |  2.5
Dodging        | 3 |  3.1
Shapeshifting  | |  3.7

Action                     |  1- 3 |  4- 6 || total
---------------------------+-------+-------++-------
  Melee: Unarmed           |    68 |   112 ||   180
         Constrict         |    20 |    20 ||    40
         Tentacles         |    11 |    14 ||    25
         Punch             |     2 |     5 ||     7
Ability: Begin Untransform |       |     1 ||     1
    Use: Scroll            |     5 |     8 ||    13
         Potion            |       |     3 ||     3
   Stab: Sleeping          |     7 |     4 ||    11
         Distracted        |       |     1 ||     1
 Armour: Skin              |    18 |   102 ||   120
  Dodge: Dodged            |    39 |    67 ||   106
  Block: Other             |       |     6 ||     6
   Form: Beast             |       |     1 ||     1

Table legend: (Time is in decaauts)
 A = Elapsed time spent in this place.
 B = Non-inter-level travel time spent in this place.
 C = Inter-level travel time spent in this place.
 D = Time resting spent in this place.
 E = Time spent auto-exploring this place.
 F = Levels seen in this place.
 G = Mean time per level.
                   A        B        C        D        E       F      G
               +--------+--------+--------+--------+--------+-----+--------+
         Total |   2673 |   2549 |    124 |    227 |   1428 |   5 |  534.6 |
       Dungeon |   2253 |   2129 |    124 |     97 |   1417 |   4 |  563.2 |
         Sewer |    420 |    420 |      0 |    130 |     11 |   1 |  420.0 |
               +--------+--------+--------+--------+--------+-----+--------+

Top non-repeatable levels by time:
     D:2: 835 daAuts
     D:3: 779 daAuts
     D:1: 514 daAuts
   Sewer: 420 daAuts
     D:4: 124 daAuts
